Map: 오토메이턴 - 래더

Players

Zest

  • Race: Protoss Protoss
  • League: Master
  • Spawn Location: 3:00

herO - Winner!

  • Race: Protoss Protoss
  • League: Grandmaster
  • Spawn Location: 9:00

Event: IEM Season 13 - Katowice Server Qualifiers America

VOD

Have the link to the VOD?

Description

Time

  • Played on: Jan. 6, 2019, 6:33 p.m.
  • Length: 6:47

All games in this series

Show
View Real Time Build Order
Export as new Build Order

Zest Protoss 

Build Orders: Oracle Opening, Phoenix Opening, Blink Stalkers 

Get SALT Encoding   

  12  0:00  Probe  
  13  0:12  Probe  
  14  0:18  Pylon  
  14  0:24  Probe  
  15  0:33  Probe  
  15  0:37  Gateway  
  15  0:41  Probe  
  16  0:46  Assimilator  
  17  0:51  Probe  
  17  0:55  Assimilator  
  18  1:00  Probe  
  19  1:08  Probe  
  19  1:09  Gateway  
  19  1:17  Probe  
  21  1:25  Cybernetics Core  
  21  1:29  Probe  
  22  1:37  Pylon  
  22  1:41  Probe  
  23  1:55  Probe  
  24  2:03  Sentry, Warp Gate, Stalker  
  28  2:12  Pylon  
  28  2:23  Pylon  
  28  2:31  Stargate  
  28  2:36  Phoenix  
  28  2:41  Stalker  
  30  2:54  Stalker  
  32  3:04  Nexus  
  34  3:21  Probe  
  35  3:33  Oracle, Probe  
  37  3:40  Twilight Council  
  37  3:45  Probe  
  37  3:48  Blink  
  38  3:54  Pylon  
  38  3:56  Probe  
  39  4:08  Probe  
  39  4:14  Probe, Stalker  
  42  4:20  Stalker  
  42  4:22  Probe  
  45  4:24  Probe  
  47  4:31  Probe  
  47  4:37  Probe  
  49  4:39  Pylon  
  49  4:43  Probe  
  49  4:45  Stalker x2  
  54  4:49  Probe  
  55  4:55  Probe  
  55  4:56  Forge  
  56  5:01  Probe  
  56  5:06  Pylon  
  57  5:08  Assimilator  
  57  5:13  Assimilator, Stalker x2  
  61  5:20  Probe  
  61  5:21  Probe  
  63  5:22  Pylon  
  63  5:28  Photon Cannon  
  60  5:38  Stalker  
  60  5:40  Stalker  
  60  5:42  Photon Cannon  
  64  5:47  Shield Battery  
  64  6:03  Stalker x2  
  49  6:26  Stalker x2  
Show
View Real Time Build Order
Export as new Build Order

herO Protoss - Winner!

Build Orders: Phoenix Opening, Mass Phoenix 

Get SALT Encoding   

  12  0:00  Probe  
  13  0:12  Probe  
  14  0:17  Pylon  
  14  0:23  Probe  
  15  0:31  Probe  
  16  0:38  Gateway  
  16  0:39  Probe  
  16  0:47  Assimilator  
  17  0:50  Probe  
  18  0:58  Probe  
  18  1:03  Assimilator  
  19  1:06  Probe  
  20  1:14  Gateway  
  20  1:17  Probe  
  20  1:25  Cybernetics Core  
  21  1:29  Probe  
  22  1:38  Pylon  
  22  1:41  Probe  
  23  1:56  Probe  
  24  2:02  Sentry, Warp Gate, Stalker  
  28  2:13  Pylon  
  28  2:34  Stargate  
  28  2:35  Phoenix  
  28  2:46  Nexus  
  28  2:49  Probe  
  29  3:01  Probe  
  30  3:11  Phoenix  
  30  3:13  Probe, Pylon  
  33  3:25  Probe  
  34  3:30  Phoenix  
  34  3:38  Probe  
  37  3:42  Gateway  
  37  3:48  Phoenix  
  37  3:50  Probe  
  40  3:58  Probe  
  42  4:06  Phoenix  
  42  4:11  Phoenix  
  42  4:13  Zealot x2  
  47  4:21  Gateway  
  47  4:28  Phoenix  
  49  4:40  Stalker  
  49  4:41  Stalker  
  49  4:43  Stalker  
  55  4:47  Phoenix  
  57  5:07  Phoenix  
  57  5:11  Shield Battery  
  59  5:17  Stalker  
  59  5:18  Pylon  
  61  5:24  Phoenix  
  59  5:36  Zealot x2  
  59  5:37  Zealot  
  59  5:42  Stalker  
  65  6:05  Stalker x2  
  63  6:16  Stalker  
  63  6:18  Zealot  
  61  6:30  Stalker  
  61  6:31  Zealot  

Tags
 
Add a new tag
Caveats
  • Supply blocks, unpowered buildings, or Contaminate may cause inaccurate times.
  • Supply counts are checked every 10 seconds.